 Dungeon Crawl Stone Soup version 0.27.1-33-g824d729ab1 (webtiles) character file.

Game seed: 6737602950272344635

1060 safid the Chopper (level 8, -5/73 HPs)
             Began as a Hill Orc Fighter on Dec 15, 2021.
             Slain by Prince Ribbit (11 damage)
             ... on level 5 of the Dungeon.
             The game lasted 00:10:23 (4338 turns).

safid the Chopper (Hill Orc Fighter)                Turns: 4338, Time: 00:10:24

Health: -5/73      AC: 10    Str: 27    XL:     8   Next: 27%
Magic:  8/8        EV:  8    Int:  8    God:
Gold:   105        SH: 11    Dex: 10    Spells: 7/7 levels left

rFire    . . .     SeeInvis +   a - +0 war axe
rCold    . . .     Faith    .   c - +0 kite shield
rNeg     . . .     Spirit   .   b - +0 scale mail
rPois    .         Reflect  .   n - +2 helmet
rElec    .         Harm     .   (no cloak)
rCorr    .         Rampage  .   (no gloves)
Will     .....                  (no boots)
Stlth    ..........             (no amulet)
HPRegen  0.22/turn              j - +6 ring of strength
MPRegen  0.11/turn              u - ring of see invisible

@: on berserk cooldown, slowed, very slow
A: no striking features
a: no special abilities


You were on level 5 of the Dungeon.
You visited 1 branch of the dungeon, and saw 6 of its levels.

You collected 105 gold pieces.

Inventory:

Hand Weapons
 a - a +0 war axe (weapon)
 s - a +2 vorpal flail
Missiles
 w - 8 boomerangs
 y - 25 poisoned darts (quivered)
Armour
 b - a +0 scale mail (worn)
 c - a +0 kite shield (worn)
 n - a +2 helmet (worn)
Jewellery
 j - a +6 ring of strength (left hand)
 u - a ring of see invisible (right hand)
 C - a ring of positive energy
Wands
 d - a wand of acid (10)
 q - a wand of polymorph (9)
Scrolls
 e - 2 scrolls of silence {unknown}
 g - 2 scrolls of immolation {unknown}
 h - a scroll of summoning {unknown}
 i - a scroll of enchant weapon {unknown}
 k - 5 scrolls of identify {unknown}
 l - a scroll of enchant armour {unknown}
 p - 4 scrolls of teleportation {unknown}
 v - 2 scrolls of holy word {unknown}
 A - a scroll of fear {unknown}
Potions
 f - a potion of flight {unknown}
 o - a potion of mutation {unknown}
 r - a potion of attraction {unknown}
 t - a potion of haste
 x - a potion of lignification {unknown}
 z - a potion of invisibility {unknown}
 B - a potion of curing {unknown}
 E - a potion of magic {unknown}


   Skills:
 + Level 7.3 Fighting
 + Level 7.4 Axes
 - Level 4.0 Armour
 + Level 6.6 Shields


You had 7 spell levels left.
You didn't know any spells.
Your spell library contained the following spells:

 Spells                   Type           Power      Damage    Failure   Level
 Gell's Gravitas          Tloc           0%         N/A       100%        3
 Teleport Other           Tloc           0%         N/A       100%        3
 Dispersal                Tloc           0%         N/A       100%        6


Dungeon Overview and Level Annotations

Branches:
Dungeon (6/15)             Temple (0/1) D:6

Altars:
Elyvilon

Shops:
D:2 =

Annotations:
D:5 Prince Ribbit


Message History

You are too berserk!
You are too berserk!
You feel a strong urge to attack something.
Prince Ribbit looks more healthy.
Things that are here:
a +0 mace; an orc corpse You completely miss Prince Ribbit.
Prince Ribbit is lightly wounded.
Prince Ribbit hits you.
Unknown command.
You hit Prince Ribbit.
Prince Ribbit is moderately wounded.
Prince Ribbit closely misses you.
Unknown command.
You closely miss Prince Ribbit.
Prince Ribbit is moderately wounded.
Prince Ribbit croaks regally.
Prince Ribbit blinks!
Unknown command.
Prince Ribbit blinks!
You closely miss Prince Ribbit.
Prince Ribbit is moderately wounded.
Prince Ribbit blinks!
Unknown command.
You are no longer berserk.
You are exhausted.
You feel yourself slow down.
You closely miss Prince Ribbit.
Prince Ribbit is moderately wounded.
Prince Ribbit hits you but does no damage. x2
Prince Ribbit hits you!
* * * LOW HITPOINT WARNING * * *
Unknown command.
Your shield prevents you from hitting Prince Ribbit.
Prince Ribbit is moderately wounded.
Prince Ribbit lets out a mournful croak.
You block Prince Ribbit's attack. Prince Ribbit hits you.
* * * LOW HITPOINT WARNING * * *
Prince Ribbit hits you!
You die...

..# .... #.# #
..... #.## .#
...... #..###..
......###.....
......#.....#
......#.....#
..#.........##
......F@.....##
....##....(...#.#
. ###<)........#
#............#
#.....[........#
##............##
#........(.(.##
....##(....##.#
##... #....## .#


You could see Prince Ribbit.

Vanquished Creatures
  A water moccasin (D:3)
  An orc warrior (D:4)
  2 necrophages (D:4)
  A centaur (D:6)
  2 scorpions
  A centaur zombie (D:5)
  A bullfrog skeleton (D:5)
  A hound (D:4)
  3 iguanas
  Terence (D:3)
  Natasha (thrice) (D:2)
  2 orc wizards
  A howler monkey zombie (D:5)
  A gnoll (D:1)
  3 adders (D:3)
  An adder skeleton (D:4)
  2 worms
  4 dart slugs
  13 orcs
  8 endoplasms
  2 giant cockroaches (D:1)
  9 hobgoblins
  6 jackals
  8 quokkas
  10 ball pythons
  5 bats
  5 frilled lizards
  5 goblins
  4 kobolds
  8 rats
114 creatures vanquished.

Notes
Turn   | Place    | Note
-------+----------+-------------------------------------------
     0 | D:1      | safid the Hill Orc Fighter began the quest for the Orb.
     0 | D:1      | Reached XP level 1. HP: 19/19 MP: 1/1
    56 | D:1      | Reached XP level 2. HP: 26/27 MP: 2/2
   350 | D:1      | Reached XP level 3. HP: 18/33 MP: 3/3
  1014 | D:2      | Found a faded altar of an unknown god.
  1131 | D:2      | Found a white marble altar of Elyvilon.
  1189 | D:2      | Noticed Natasha
  1191 | D:2      | Found Yjidwavi's Jewellery Shoppe.
  1197 | D:2      | Killed Natasha
  1198 | D:2      | Reached XP level 4. HP: 40/41 MP: 4/4
  1247 | D:2      | Noticed Natasha
  1251 | D:2      | Killed Natasha
  1289 | D:2      | Reached XP level 5. HP: 47/47 MP: 5/5
  1339 | D:2      | Noticed Natasha
  1349 | D:2      | Killed Natasha
  1860 | D:3      | Reached skill level 5 in Fighting
  1900 | D:3      | Noticed a water moccasin
  1925 | D:3      | Killed a water moccasin
  1926 | D:3      | Reached skill level 5 in Axes
  1926 | D:3      | Reached XP level 6. HP: 17/56 MP: 6/6
  2244 | D:3      | Reached skill level 5 in Shields
  2362 | D:3      | Noticed Terence
  2374 | D:3      | Killed Terence
  3308 | D:4      | Reached XP level 7. HP: 63/63 MP: 7/7
  3379 | D:4      | You fall into a shaft and drop 2 floors!
  3626 | D:6      | Found a staircase to the Ecumenical Temple.
  3652 | D:5      | Entered Level 5 of the Dungeon
  3926 | D:4      | Reached XP level 8. HP: 62/73 MP: 8/8
  4086 | D:5      | Noticed Prince Ribbit
  4338 | D:5      | Slain by Prince Ribbit

Illustrated notes

Levels and vault maps discovered:
D:1:      lightli_iron_boxes, layout_rooms, fountainhead, hex_intersection,
          hangedman_glass_teeth, grunt_decor_cap,
          amcnicky_mini_corridor_feature, st_stairs_3
D:2:      layout_basic, ebering_ecumenical_altar_box, serial_shops, shop,
          basic_altar, minivault_26, uniq_natasha
D:3:      minmay_evil_eye, layout_basic, uniq_terence
D:4:      layout_cave_pools
D:5:      layout_cave_pools, nicolae_overflow_crystal_walls,
          nemelex_spade_bored_becter, marbit_many_paths, uniq_prince_ribbit1
D:6:      layout_basic, led_sif_book, temple_green

Skill      XL: |  1  2  3  4  5  6  7 |
---------------+----------------------+-----
Axes           | 3 4 5 7 |  7.4
Fighting       | 4 5 6 7 |  7.3
Armour         | 4 |  4.0
Shields        | 4 5 6 |  6.6

Action                   |  1- 3 |  4- 6 |  7- 9 || total
-------------------------+-------+-------+-------++-------
Melee: War axe           |   100 |   131 |   119 ||   350
       Unarmed           |     3 |    14 |       ||    17
Throw: Dart              |       |     4 |    10 ||    14
  Use: Potion            |       |     2 |     2 ||     4
 Stab: Sleeping          |       |     1 |       ||     1
Armor: Scale mail        |    58 |    56 |    56 ||   170
       Skin              |       |     2 |       ||     2
Dodge: Dodged            |    36 |    58 |    30 ||   124
Block: Kite shield       |    71 |    80 |    77 ||   228
